Map: Bridgehead LE (Void)

Players

SticklerMac - Winner!

  • Race: Zerg Zerg
  • League: Grandmaster

Swagnificent

  • Race: Protoss Protoss
  • League: Grandmaster

VOD

Have the link to the VOD?

Description

Time

  • Played on: July 18, 2015, 3:33 p.m.
  • Length: 6:45
Show
View Real Time Build Order
Export as new Build Order

SticklerMac Zerg - Winner!

Build Orders: 3 Hatch before Pool 

Get SALT Encoding   

  12  0:01  Drone  
  13  0:08  Drone  
  14  0:17  Overlord  
  14  0:42  Hatchery  
  14  0:44  Drone  
  14  1:12  Hatchery  
  13  1:20  Drone x2  
  13  1:21  Drone  
  16  1:42  Spawning Pool  
  16  1:44  Drone  
  16  1:53  Drone x2  
  18  1:55  Drone  
  19  2:05  Drone  
  20  2:09  Drone  
  20  2:10  Extractor  
  20  2:15  Overlord  
  20  2:18  Drone  
  21  2:28  Drone x3  
  24  2:42  Hatchery  
  24  2:44  Drone  
  24  2:45  Drone  
  24  2:48  Drone  
  26  2:52  Drone x2  
  26  2:54  Drone  
  31  3:05  Drone x3  
  31  3:07  Drone  
  31  3:11  Queen  
  35  3:13  Drone  
  35  3:15  Drone  
  35  3:17  Drone  
  38  3:21  Drone  
  38  3:22  Drone  
  40  3:41  Queen  
  40  3:46  Overlord x3  
  40  3:47  Overlord  
  42  3:53  Queen  
  44  3:56  Queen  
  44  4:00  Zergling x2  
  44  4:01  Zergling x2  
  44  4:02  Overlord x3  
  48  4:12  Zergling x6  
  48  4:13  Zergling x8  
  54  4:40  Zergling x2  
  54  4:41  Zergling x24  
  54  4:45  Queen  
  64  4:50  Zergling x2  
  64  4:52  Zergling x2  
  67  4:53  Zergling x4  
  69  5:09  Zergling x14  
  69  5:10  Zergling x8  
  80  5:27  Zergling x2  
  80  5:28  Zergling x18  
  81  5:39  Zergling x2  
  81  5:40  Zergling x8  
  82  5:54  Zergling x2  
  82  5:55  Zergling x20  
  89  5:59  Zergling x6  
  89  6:00  Zergling x12  
  89  6:04  Zergling x2  
  94  6:06  Zergling x2  
  94  6:07  Zergling x2  
  89  6:24  Zergling x12  
Show
View Real Time Build Order
Export as new Build Order

Swagnificent Protoss 

Build Orders: 1 Gate Expand 

Get SALT Encoding   

  12  0:01  Probe  
  13  0:20  Pylon  
  13  0:22  Probe  
  14  0:38  Probe (Chrono Boost)  
  14  0:42  Gateway  
  15  0:45  Assimilator  
  16  0:50  Probe (Chrono Boost)  
  16  0:57  Probe (Chrono Boost)  
  17  1:21  Nexus  
  17  1:34  Cybernetics Core  
  17  1:36  Probe (Chrono Boost)  
  18  1:46  Probe (Chrono Boost)  
  19  1:52  Zealot (Chrono Boost)  
  21  1:56  Probe  
  22  2:09  Pylon  
  22  2:11  Warp Gate  
  22  2:27  Stalker  
  24  2:34  Robotics Facility  
  24  2:40  Assimilator  
  24  2:41  Probe (Chrono Boost)  
  24  2:43  Probe (Chrono Boost)  
  28  2:52  Probe (Chrono Boost)  
  28  2:53  Probe (Chrono Boost)  
  29  3:01  Probe (Chrono Boost)  
  29  3:02  Probe (Chrono Boost)  
  29  3:03  Stalker (Chrono Boost)  
  32  3:08  Probe  
  32  3:10  Probe  
  34  3:16  Pylon  
  34  3:20  Probe  
  34  3:22  Probe  
  36  3:32  Probe  
  37  3:34  Probe  
  37  3:40  Robotics Bay  
  38  3:48  Stalker  
  40  4:01  Probe (Chrono Boost)  
  41  4:04  Assimilator  
  41  4:06  Mothership Core (Chrono Boost), Assimilator  
  44  4:12  Probe (Chrono Boost)  
  44  4:18  Probe (Chrono Boost)  
  45  4:45  Stalker  
  44  4:53  Disruptor (Chrono Boost)  
  44  5:00  Gateway  
  44  5:01  Gateway, Disruptor  
  44  5:03  Gateway  
  44  5:04  Pylon  
  44  5:07  Pylon  
  44  5:15  Probe x2  
  44  5:18  Stalker  
  48  5:23  Disruptor  
  48  5:27  Probe x2  
  44  5:44  Disruptor  
  44  5:45  Zealot  
  46  5:57  Disruptor  
  47  6:01  Probe (Chrono Boost)  
  49  6:04  Disruptor  
  49  6:08  Probe (Chrono Boost)  
  44  6:27  Probe x2  
Tags
 
Add a new tag
Caveats
  • Supply blocks, unpowered buildings, or Contaminate may cause inaccurate times.
  • Supply counts are checked every 10 seconds.